 Dungeon Crawl Stone Soup version 0.22-a0-392-g5dc3fd9 (webtiles) character file.

14 Falco the Vexing (level 2, 0/23 HPs)
             Began as a Gnoll Arcane Marksman on May 1, 2018.
             Slain by a goblin
             ... wielding a +0 club
              (2 damage)
             ... on level 1 of the Dungeon.
             The game lasted 00:03:18 (256 turns).

Falco the Vexing (Gnoll Arcane Marksman)             Turns: 256, Time: 00:03:18

Health: 0/23       AC:  2    Str: 12    XL:     2   Next: 41%
Magic:  5/5        EV: 14    Int: 15    God:
Gold:   35         SH:  0    Dex: 15    Spells: 5/6 levels left

rFire    . . .     SeeInvis .   d - +0 dagger
rCold    . . .     Gourm    .   (no shield)
rNeg     . . .     Faith    .   e - +0 robe
rPois    .         Spirit   .   (no helmet)
rElec    .         Reflect  .   (no cloak)
rCorr    .         Harm     .   (no gloves)
MR       .....                  (no boots)
Stlth    ++........             (no amulet)
HPRegen  0.07/turn              (no ring)
MPRegen  0.09/turn              (no ring)

@: no status effects
A: distributed training, fangs 1, strong nose
a: no special abilities


You were on level 1 of the Dungeon.
You were not hungry.

You visited 1 branch of the dungeon, and saw 1 of its levels.

You collected 35 gold pieces.

Inventory:

Hand Weapons
 a - a +0 hand crossbow
 d - a +0 dagger (weapon)
Missiles
 g - 18 sling bullets
 i - 18 poisoned needles
Armour
 c - a +0 leather armour
 e - a +0 robe (worn)
Scrolls
 b - a scroll of remove curse {unknown}
 h - a scroll of immolation {unknown}
Comestibles
 f - a ration


   Skills:
 + Level 2.5 Fighting
 + Level 0.4 Short Blades
 + Level 0.4 Long Blades
 + Level 0.4 Axes
 + Level 0.4 Maces & Flails
 + Level 0.4 Polearms
 + Level 0.4 Staves
 + Level 0.4 Slings
 + Level 0.4 Bows
 + Level 4.5 Crossbows
 + Level 0.4 Throwing
 + Level 0.4 Armour
 + Level 4.5 Dodging
 + Level 0.4 Stealth
 + Level 0.4 Shields
 + Level 0.4 Unarmed Combat
 + Level 2.7 Spellcasting
 + Level 0.2 Conjurations
 + Level 5.3 Hexes
 + Level 0.2 Charms
 + Level 0.2 Summonings
 + Level 0.2 Necromancy
 + Level 0.2 Translocations
 + Level 0.2 Transmutations
 + Level 0.2 Fire Magic
 + Level 0.2 Ice Magic
 + Level 0.2 Air Magic
 + Level 0.2 Earth Magic
 + Level 0.2 Poison Magic
 + Level 0.5 Invocations
 + Level 0.4 Evocations


You had 5 spell levels left.
You knew the following spells:

 Your Spells              Type           Power        Failure   Level  Hunger
a - Corona                Hex            ###....      2%          1    #......


Dungeon Overview and Level Annotations

Branches:
Dungeon (1/15)

Altars:


Innate Abilities, Weirdness & Mutations

Your experience applies equally to all skills.
You have very sharp teeth.
Your uncanny sense of smell can sniff out nearby items.


Message History

The hobgoblin shouts!
The bat barely misses you. The goblin closely misses you.
The dart slug launches a dart at you. The slug dart misses you.
The rat bites you.
* * * LOW HITPOINT WARNING * * *
The bat misses you. The bat misses you. The rat barely misses you.
The bat is sucked into a shaft!
The shaft crumbles and collapses.
You barely miss the goblin.
The goblin is severely wounded.
The rat bites you.
* * * LOW HITPOINT WARNING * * *
The goblin barely misses you.
You hit the goblin.
The goblin is almost dead.
The rat barely misses you. The goblin closely misses you.
You closely miss the goblin.
The goblin is almost dead.
The rat bites you but does no damage. The goblin hits you with a club.
You die...

.##.##.# #.##.....#####
.##.##.###.##.....#
###........##.....#
####.######.....#
####..............#####
...........)...........>
##.....#####†.....#####.
#.....# ###......#
##.....###.#....@.#
.........#.#...rg.#
#......#...#...w..#
#.##.##.....!..####
#..........#.(g####
##.......#.#......###
#.............#)....
#.......##..........
#..#....#.(.........


You could see a dart slug, a hobgoblin, a goblin and a rat.

Vanquished Creatures
  5 goblins (D:1)
  3 bats (D:1)
  A frilled lizard (D:1)
  3 kobolds (D:1)
  2 rats (D:1)
14 creatures vanquished.

Notes
Turn   | Place    | Note
-------+----------+-------------------------------------------
     0 | D:1      | Falco the Gnoll Arcane Marksman began the quest for the Orb.
     0 | D:1      | Reached XP level 1. HP: 17/17 MP: 4/4
   163 | D:1      | Reached XP level 2. HP: 20/23 MP: 5/5
   256 | D:1      | Slain by a goblin

Vault maps used:
D:1:      minmay_arrival_checkered_box

Action                   || total
-------------------------++-------
Melee: Dagger            ||     4
 Fire: Hand crossbow     ||    42
Armor: Robe              ||    14
Dodge: Dodged            ||    55

Table legend:
 A = Spawn XP
 B = Non-spawn XP
 C = Spawn XP percentage of total XP
 D = Spawn monster count
 E = Non-spawn monster count
 F = Spawn count percentage of total count
 G = Total turns spent on level
                    A         B        C        D         E        F      G
               +---------+---------+-------+---------+---------+-------+---------
         Total |       0 |      20 |   0.0 |       0 |      14 |   0.0 |   256
               +---------+---------+-------+---------+---------+-------+---------
           D:1 |       0 |      20 |   0.0 |       0 |      14 |   0.0 |   256
               +---------+---------+-------+---------+---------+-------+---------
